 Dungeon Crawl Stone Soup version 0.32-a0-913-g739538afd8 (webtiles) character file.

Game seed: 4050238110202695155

1823 Autsider the Frost Mage (level 8, -1/67 HPs)
             Began as a Red Draconian Ice Elementalist on Apr 8, 2024.
             Was a Follower of the Shining One.
             Slain by an ogre
             ... wielding a +0 halberd
              (8 damage)
             ... in a bailey.
             The game lasted 00:25:21 (6296 turns).

Autsider the Frost Mage (DrIE)                      Turns: 6296, Time: 00:25:21

Health: -1/67      AC:  9    Str: 11    XL:     8   Next: 85%
Magic:  14/14      EV: 11    Int: 17    God:    the Shining One [*.....]
Gold:   328        SH:  0    Dex: 12    Spells: 3/15 levels left

rFire   + . .        b - +0 trident
rCold   . . .        (no shield)
rNeg    . . .        (body armour unavailable)
rPois   +            (helmet restricted)
rElec   .            y - +0 cloak
rCorr   .            (no gloves)
SInv    .            s - +1 pair of boots
Will    .....        (no amulet)
Stlth   +            m - ring of wizardry
HPRegen 0.31/turn    i - ring of poison resistance
MPRegen 0.14/turn

%: wizardry (x1)
@: glowing
A: combustion breath, AC +6, unfitting armour, fire resistance 1, cold-blooded
a: Combustion Breath, Renounce Religion, Divine Shield


You were in a bailey.
You worshipped the Shining One.
The Shining One was aware of your devotion.
You visited 2 branches of the dungeon, and saw 8 of its levels.
You also visited: Bailey.

You collected 328 gold pieces.

Inventory:

Hand Weapons
 b - a +0 trident (weapon)
Missiles
 c - 5 javelins
 t - 3 throwing nets
Armour
 s - a +1 pair of boots (worn)
 w - an orb of mayhem
 y - a +0 cloak (worn)
Magical Staves
 l - a staff of earth
Jewellery
 h - a ring of magical power
 i - a ring of poison resistance (right hand)
 m - a ring of wizardry (left hand)
Wands
 v - a wand of charming (7)
Scrolls
 f - a scroll of vulnerability
 o - 3 scrolls of teleportation
 p - a scroll of fear
 q - 2 scrolls of enchant armour
 r - a scroll of noise
Potions
 a - a potion of magic
 d - 3 potions of curing
 e - 2 potions of ambrosia
 g - a potion of heal wounds {unknown}
 k - a potion of berserk rage {unknown}
 u - a potion of cancellation {unknown}
 x - a potion of attraction {unknown}
 z - a potion of haste {unknown}


   Skills:
 + Level 4.5 Fighting
 + Level 2.7 Dodging
 - Level 2.0 Stealth
 + Level 4.4 Spellcasting
 + Level 1.1 Summonings
 + Level 1.1 Translocations
 + Level 8.1 Ice Magic
 + Level 1.9 Invocations


You had 3 spell levels left.
You knew the following spells:

 Your Spells              Type           Power      Damage    Failure   Level
a - Freeze                Ice            100%       1d10      1%          1
b - Frozen Ramparts       Ice            62%        1d10      1%          3
c - Ozocubu's Armour      Ice            31%        N/A       1%          3
d - Summon Ice Beast      Ice/Summ       19%        N/A       2%          3
z - Blink                 Tloc           14%        N/A       6%          2

Your spell library contained the following spells:

 Spells                   Type           Power      Damage    Failure   Level
 Summon Small Mammal      Summ           28%        N/A       4%          1
 Magic Dart               Conj           12%        1d3       6%          1
 Call Imp                 Summ           14%        N/A       6%          2
 Call Canine Familiar     Summ           7%         N/A       12%         3
 Volatile Blastmotes      Fire/Tloc      10%        2d10      14%         3
 Stone Arrow              Conj/Erth      6%         3d7       17%         3
 Metabolic Englaciation   Hex/Ice        8%         N/A       30%         5
 Iskenderun's Mystic Bla Conj/Tloc 5%             2d3        (+2d1     41%         4
 Summon Blazeheart Golem  Fire/Summ      5%         N/A       41%         4
 Fulminant Prism          Conj/Alch      1%         3d5       50%         4
 Lehudib's Crystal Spear  Conj/Erth      1%         10d2      100%        8
 Animate Armour           Summ/Erth      Unusable   N/A       N/A         4

Dungeon Overview and Level Annotations

Branches:
Dungeon (7/15)             Temple (1/1) D:6          Bailey (1/1)

Altars:
Ashenzari
Cheibriados
Dithmenos
Elyvilon
Fedhas
Gozag
Hepliaklqana
Kikubaaqudgha
Makhleb
Nemelex Xobeh
Okawaru
Qazlal
Ru
Sif Muna
Trog
Uskayaw
Vehumet
Wu Jian
Xom
Yredelemnul
Zin
The Shining One

Annotations:
Temple 2 transporters


Innate Abilities, Weirdness & Mutations

You can breathe blasts of explosive embers.
Your fiery red scales are hard. (AC +6)
You cannot fit into any form of body armour.
Your flesh is heat resistant. (rF+)
You are cold-blooded and may be slowed by cold attacks.


Message History

The spriggan hits your ice beast with a +0 spear!
Your ice beast misses the spriggan.
The ogre hits you from afar with a +0 halberd!
* * * LOW HITPOINT WARNING * * *
Reach: b) +0 trident
Press: ? - help, Dir - move target, f/p - ogre
Aim: an ogre, wielding a +0 halberd (moderately wounded, about 27% to evade your +0 trident)
You reach to attack!
You puncture the ogre!
The ogre is severely wounded.
Your ice beast closely misses the spriggan.
The spriggan hits your ice beast with a +0 spear.
Your ice beast completely misses the spriggan.
The spriggan hits your ice beast with a +0 spear!
Your ice beast dies!
Your ice beast disappears in a puff of smoke!
Reach: b) +0 trident
Press: ? - help, Dir - move target, f/p - ogre
Aim: an ogre, wielding a +0 halberd (severely wounded, about 27% to evade your +0 trident)
You reach to attack!
You hit the ogre.
The ogre is severely wounded.
The ogre hits you from afar with a +0 halberd.
* * * LOW HITPOINT WARNING * * *
Reach: b) +0 trident
Press: ? - help, Dir - move target, f/p - ogre
Aim: an ogre, wielding a +0 halberd (severely wounded, about 27% to evade your +0 trident)
You reach to attack!
You barely miss the ogre.
The ogre is severely wounded.
The spriggan hits you but does no damage.
The ogre hits you from afar with a +0 halberd.
* * * LOW HITPOINT WARNING * * *
The spriggan hits you from afar with a +0 spear!
* * * LOW HITPOINT WARNING * * *
You feel better. The ogre barely misses you.
The spriggan hits you from afar with a +0 spear.
* * * LOW HITPOINT WARNING * * *
Magic courses through your body.
The spriggan hits you from afar with a +0 spear!
* * * LOW HITPOINT WARNING * * *
The ogre hits you from afar with a +0 halberd!
You die...

## #.. ###
#... ##@##
#..♣ ##...##
#..# #..iO.#
#..#
##.....###..#
#...∩..~§)).♣
#......~~)..♣
#......~~~..♣
#......~~~..#
#...∩..~~~..#


You could see an ogre and a spriggan.

Vanquished Creatures
  A spriggan (Bailey)
  A water moccasin (D:6)
  An orc warrior (D:7)
  3 ogres
  A black bear (D:6)
  Blork the orc (D:4)
  2 scorpions (D:6)
  6 bombardier beetles
  A quasit (D:7)
  2 orc priests
  3 hounds
  A jelly (D:7)
  Ijyb (D:4)
  2 iguanas
  An orc wizard (D:6)
  11 gnolls
  17 adders
  2 shadow imps
  4 white imps (D:7)
  2 ufetubi (D:7)
  3 dart slugs
  3 ribbon worms
  18 orcs
  5 ball pythons
  7 endoplasms
  3 giant cockroaches
  10 goblins
  3 hobgoblins
  8 jackals
  5 kobolds
  8 quokkas
  2 bats (D:1)
  5 frilled lizards
  5 rats
148 creatures vanquished.

Notes
Turn   | Place    | Note
-------+----------+-------------------------------------------
     0 | D:1      | Autsider the Draconian Ice Elementalist began the quest for
                  | the Orb.
     0 | D:1      | Reached XP level 1. HP: 14/14 MP: 3/3
   289 | D:1      | Reached XP level 2. HP: 21/22 MP: 3/5
   294 | D:1      | Reached skill level 1 in Fighting
   817 | D:1      | Reached XP level 3. HP: 29/29 MP: 6/6
   881 | D:1      | Learned a level 3 spell: Frozen Ramparts
  1552 | D:2      | Found a faded altar of an unknown god.
  1624 | D:2      | Reached XP level 4. HP: 37/37 MP: 7/7
  1658 | D:2      | Learned a level 3 spell: Ozocubu's Armour
  2021 | D:3      | Reached skill level 5 in Ice Magic
  2256 | D:3      | Reached XP level 5. HP: 46/46 MP: 4/8
  3193 | D:4      | Found a broken altar of Ashenzari.
  3370 | D:4      | Noticed Blork the orc
  3389 | D:4      | Killed Blork the orc
  3390 | D:4      | Reached XP level 6. HP: 29/52 MP: 4/10
  3495 | D:4      | Found a blossoming altar of Fedhas.
  3553 | D:4      | Found a snail-covered altar of Cheibriados.
  3757 | D:4      | Noticed Ijyb
  3804 | D:4      | Killed Ijyb
  3945 | D:5      | Entered Level 5 of the Dungeon
  4010 | D:5      | Reached skill level 6 in Ice Magic
  4422 | D:5      | Your scales start taking on a fiery red colour.
  4422 | D:5      | Reduced skill Ice Magic to level 5
  4422 | D:5      | Reached XP level 7. HP: 59/59 MP: 8/12
  4422 | D:5      | Gained mutation: Your flesh is heat resistant. (rF+) [Red
                  | Draconian growth]
  5003 | D:6      | Reached skill level 6 in Ice Magic
  5230 | D:6      | Reached skill level 7 in Ice Magic
  5233 | D:6      | Reached XP level 8. HP: 56/66 MP: 8/14
  5390 | D:6      | Found a staircase to the Ecumenical Temple.
  5396 | Temple   | Found a transporter.
  5396 | Temple   | Found a transporter.
  5396 | Temple   | Found a transporter.
  5396 | Temple   | Found a transporter.
  5396 | Temple   | Entered the Ecumenical Temple
  5412 | Temple   | Became a worshipper of the Shining One
  5898 | D:7      | Reached skill level 8 in Ice Magic
  5901 | D:7      | Learned a level 2 spell: Blink
  5905 | D:7      | Learned a level 3 spell: Summon Ice Beast
  6187 | D:7      | Reached * piety under the Shining One
  6201 | D:7      | Reached skill level 1 in Invocations
  6238 | D:7      | Found a flagged portal.
  6248 | Bailey   | Entered a bailey
  6279 | Bailey   | Reached skill level 1 in Summonings
  6279 | Bailey   | Reached skill level 1 in Translocations
  6296 | Bailey   | Slain by an ogre

Illustrated notes

Levels and vault maps discovered:
D:1:      dpeg_arrival_brainrot, layout_basic
D:2:      layout_rooms, ebering_ecumenical_altar_rust, hangedman_feature_mirror
D:3:      layout_basic, minmay_unequal
D:4:      layout_rooms, kennysheep_mini_moat, ashenzari_conservatory_becter,
          mainiacjoe_overflow_surrounded_room, uniq_blork_the_orc, uniq_ijyb
D:5:      layout_cave_pools, dk_noncrumbling_4
D:6:      layout_loops_cross, temple_statues, hex_large
D:7:      layout_basic, enter_bailey_3, gammafunk_ghost_split, serial_demonic,
          serial_demonic_a, serial_demonic_f, serial_demonic_e,
          serial_demonic_c, serial_demonic_d, serial_demonic_a, uniq_pikel
Temple:   hellmonk_temple_divided_pantheon
Bailey:   bailey_polearm_enchanted_keep_hellmonk, bailey

Skill      XL: |  1  2  3  4  5  6  7  8 |
---------------+-------------------------+-----
Stealth        | 2 |  2.0
Dodging        | 2 |  2.7
Fighting       | 1 2 3 4 |  4.5
Ice Magic      | 5 5 7 8 |  8.1
Spellcasting   | 3 4 |  4.4
Invocations    | 1 |  1.9
Summonings     | 1 |  1.1
Translocations | 1 |  1.1

Action                     |  1- 3 |  4- 6 |  7- 9 || total
---------------------------+-------+-------+-------++-------
  Melee: Dagger            |    26 |     8 |       ||    34
         Tailslap          |     4 |     8 |    17 ||    29
         Spear             |       |    12 |       ||    12
         Trident           |       |    96 |   128 ||   224
   Cast: Freeze            |    52 |    15 |       ||    67
         Frozen Ramparts   |     2 |    31 |    27 ||    60
         Ozocubu's Armour  |       |     9 |     8 ||    17
         Summon Ice Beast  |       |       |     1 ||     1
Ability: Combustion Breath |       |       |     1 ||     1
    Use: Scroll            |       |       |     8 ||     8
         Potion            |       |       |     2 ||     2
   Stab: Sleeping          |     1 |     5 |       ||     6
         Distracted        |       |     1 |       ||     1
 Armour: Skin              |    35 |    84 |   111 ||   230
  Dodge: Dodged            |    37 |    68 |   100 ||   205

Table legend: (Time is in decaauts)
 A = Elapsed time spent in this place.
 B = Non-inter-level travel time spent in this place.
 C = Inter-level travel time spent in this place.
 D = Time resting spent in this place.
 E = Time spent auto-exploring this place.
 F = Levels seen in this place.
 G = Mean time per level.
                   A        B        C        D        E       F      G
               +--------+--------+--------+--------+--------+-----+--------+
         Total |   6369 |   6172 |    197 |    234 |   4618 |   9 |  707.7 |
       Dungeon |   6283 |   6103 |    180 |    221 |   4613 |   7 |  897.6 |
        Temple |     32 |     15 |     17 |      0 |      0 |   1 |   32.0 |
        Bailey |     53 |     53 |      0 |     13 |      5 |   1 |   53.0 |
               +--------+--------+--------+--------+--------+-----+--------+

Top non-repeatable levels by time:
     D:1: 1370 daAuts
     D:4: 1137 daAuts
     D:3: 981 daAuts
     D:5: 931 daAuts
     D:6: 838 daAuts
     D:2: 613 daAuts
     D:7: 409 daAuts
  Bailey: 53 daAuts
  Temple: 32 daAuts
